 Dungeon Crawl Stone Soup version 0.30-a0-622-gddc90eaa04 (webtiles) character file.

Game seed: 8593707725248024115

31 whiskeysaurus the Digger (level 3, 0/26 HPs)
             Began as a Ghoul Earth Elementalist on Jan 10, 2023.
             Slain by an iguana (6 damage)
             ... on level 2 of the Dungeon.
             The game lasted 00:01:14 (1241 turns).

whiskeysaurus the Digger (Ghoul Earth Elementalist) Turns: 1241, Time: 00:01:14

Health: 0/26       AC:  2    Str: 11    XL:     3   Next: 22%
Magic:  1/5        EV: 12    Int: 12    God:
Gold:   68         SH:  0    Dex:  9    Spells: 5/6 levels left

rFire   . . .      SeeInvis .    (no weapon)
rCold   + . .      Faith    .    (no shield)
rNeg    + + +      Spirit   .    a - +0 robe
rPois   ∞          Reflect  .    (no helmet)
rElec   .          Harm     .    (no cloak)
rCorr   .          Rampage  .    (no gloves)
Will    .....                    (no boots)
Stlth   ++                       (no amulet)
HPRegen 0.00/turn                (no ring)
MPRegen 0.09/turn                (no ring)

@: inhibited regen
A: claws 1, cold resistance 1, negative energy resistance 3, inhibited
regeneration, torment resistance 2, devour on kill
a: no special abilities


You were on level 2 of the Dungeon.
You visited 1 branch of the dungeon, and saw 2 of its levels.

You collected 68 gold pieces.

Inventory:

Armour
 a - a +0 robe (worn)
 c - an orb of light
Scrolls
 d - a scroll of fog {unknown}
 f - 4 scrolls of teleportation {unknown}
 h - a scroll of identify {unknown}
 i - a scroll of blinking {unknown}
 k - a scroll of acquirement {unknown}
 l - a scroll of brand weapon {unknown}
Potions
 b - 2 potions of magic
 e - 2 potions of brilliance {unknown}
 g - a potion of might {unknown}
 j - a potion of curing {unknown}


   Skills:
 - Level 1.7 Dodging
 - Level 2.1 Stealth
 + Level 2.2 Spellcasting
 + Level 1.6 Transmutations
 + Level 3.8 Earth Magic


You had 5 spell levels left.
You knew the following spells:

 Your Spells              Type           Power      Damage    Failure   Level
a - Sandblast             Erth           20%        2d7       5%          1

Your spell library contained the following spells:

 Spells                   Type           Power      Damage    Failure   Level
 Passwall                 Tmut/Erth      5%         N/A       13%         2
 Shock                    Conj/Air       4%         1d3       26%         1
 Stone Arrow              Conj/Erth      10%        3d7       36%         3
 Swiftness                Air            1%         N/A       63%         3
 Petrify                  Tmut/Erth      7%         N/A       65%         4
 Airstrike                Air            0%         2d(1-17)  95%         4


Dungeon Overview and Level Annotations

Branches:
Dungeon (2/15)

Altars:


Innate Abilities, Weirdness & Mutations

You are immune to poison.
You have sharp fingernails.
Your flesh is cold resistant. (rC+)
You are immune to negative energy. (rN+++)
You do not regenerate when monsters are visible.
You are immune to unholy pain and torment.
You thrive by killing the living.


Message History

Found 11 gold pieces.
A rat is nearby!
A rat is nearby!
A rat is nearby!
You see here a scroll labelled ONOTEE OZIN.
The blast of sand hits the rat!
You kill the rat!
You can't see any susceptible monsters within range! (Use Z to cast anyway.)
You can't see any susceptible monsters within range! (Use Z to cast anyway.)
f - 4 scrolls labelled ONOTEE OZIN (gained 1)
You now have 65 gold pieces (gained 11).
You see here a rat corpse.
l - a scroll labelled QECKE TOUVI
Found a sling.
Found a stone staircase leading down.
There is a stone staircase leading down here.
You now have 68 gold pieces (gained 3).
Found an escape hatch in the ceiling.
There is an escape hatch in the ceiling here.
An iguana comes into view.
The iguana hisses angrily.
An iguana is nearby!
An iguana is nearby!
An iguana is nearby!
An iguana is nearby!
The blast of sand hits the iguana but does no damage.
The iguana barely misses you.
The blast of sand hits the iguana but does no damage.
The iguana closely misses you.
The blast of sand hits the iguana.
The iguana is lightly wounded.
The iguana closely misses you. The iguana bites you!
The blast of sand hits the iguana but does no damage.
The iguana is lightly wounded.
The iguana bites you!
* * * LOW HITPOINT WARNING * * *
You are too injured to fight recklessly!
You are too injured to fight recklessly!
You are too injured to fight recklessly!
The iguana attacks as you move away! The iguana bites you.
You die...

### #.. #.# #.#
#.# #.# #.# #l#
#@# #.# #.# #.#
#<# #.#########
#.........#
#####.#.#)#####
#......>....#


You could see an iguana.

Vanquished Creatures
  4 dart slugs
  An endoplasm (D:1)
  3 giant cockroaches (D:1)
  2 hobgoblins (D:1)
  2 kobolds (D:1)
  3 ball pythons
  A bat (D:1)
  2 frilled lizards (D:1)
  A goblin (D:1)
  5 rats
24 creatures vanquished.

Notes
Turn   | Place    | Note
-------+----------+-------------------------------------------
     0 | D:1      | whiskeysaurus the Ghoul Earth Elementalist began the quest
                  | for the Orb.
     0 | D:1      | Reached XP level 1. HP: 14/14 MP: 2/2
    64 | D:1      | Reached skill level 1 in Transmutations
   237 | D:1      | Reached XP level 2. HP: 20/20 MP: 0/4
   790 | D:1      | Reached XP level 3. HP: 26/26 MP: 0/5
  1241 | D:2      | Slain by an iguana

Illustrated notes

Levels and vault maps discovered:
D:1:      spicycebolla_arrival_ecumenical, layout_loops_ring
D:2:      layout_loops_ring, moated_statue, hangedman_decor_clover_reticule

Skill      XL: |  1 |
---------------+----+-----
Transmutations | 1 |  1.6
Spellcasting   | 2 |  2.2
Dodging        | |  1.7
Stealth        | |  2.1
Earth Magic    | |  3.8

Action                   || total
-------------------------++-------
Melee: Unarmed           ||     7
 Cast: Sandblast         ||    40
Armor: Robe              ||     1
Dodge: Dodged            ||     9

Table legend: (Time is in decaauts)
 A = Elapsed time spent in this place.
 B = Non-inter-level travel time spent in this place.
 C = Inter-level travel time spent in this place.
 D = Time resting spent in this place.
 E = Time spent auto-exploring this place.
 F = Levels seen in this place.
 G = Mean time per level.
                   A        B        C        D        E       F      G
               +--------+--------+--------+--------+--------+-----+--------+
         Total |   1260 |   1257 |      3 |      0 |   1098 |   2 |  630.0 |
       Dungeon |   1260 |   1257 |      3 |      0 |   1098 |   2 |  630.0 |
               +--------+--------+--------+--------+--------+-----+--------+

Top non-repeatable levels by time:
     D:1: 1015 daAuts
     D:2: 245 daAuts
